 Dungeon Crawl Stone Soup version 0.25.1-2-g60ff931df9 (webtiles) character file.

Game seed: 1971877610634131404

166153 Erymatos the Hoplite (level 17, -3/159 (161) HPs)
             Began as a Minotaur Berserker on Nov 16, 2020.
             Was a High Priest of Trog.
             Slain by a large abomination (24 damage)
             ... summoned by a shadow demon
             ... on level 3 of the Abyss.
             The game lasted 01:42:48 (34768 turns).

Erymatos the Hoplite (Minotaur Berserker)          Turns: 34768, Time: 01:42:56

HP:   -3/159 (161)  AC: 25    Str: 42    XL:     17   Next: 29%
MP:   0/16          EV: 12    Int:  8    God:    Trog [*****.]
Gold: 1249          SH:  0    Dex:  9    Spells: 16/16 levels left

rFire    + . .     SeeInvis .   v - +5 broad axe (flame)
rCold    + . .     Gourm    .   u - +5 tower shield {rC+}
rNeg     + . .     Faith    .   P - +2 plate armour of the Devil {rN+ Str+3 Int+4}
rPois    .         Spirit   +   t - +2 hood of the Assassin {Detection Stab+ Stlth++}
rElec    +         Reflect  .   E - +0 cloak
rCorr    .         Harm     .   I - +1 pair of gloves {Str+3}
MR       +....                  J - +1 pair of boots {Fly}
Stlth    ..........             R - amulet of guardian spirit
HPRegen  0.36/turn              Q - ring of Aggosaci {+Blink rElec Str+8 Dex-2 Stlth+}
MPRegen  0.15/turn              S - ring of protection from fire

@: confused, lethally poisoned (-3 -> -44), liquid flames, corroded, berserk
cooldown, flying, slowed, glowing, very slow
A: retaliatory headbutt, horns 2
a: Berserk, Trog's Hand, Brothers in Arms, Renounce Religion, Evoke Blink, Stop
Flying


You were on level 3 of the Abyss.
You worshipped Trog.
Trog was extremely pleased with you.
You were very hungry.

You visited 4 branches of the dungeon, and saw 26 of its levels.
You visited the Abyss 3 times.
You also visited: Gauntlet and Ice Cave.

You collected 2484 gold pieces.
You spent 1235 gold pieces at shops.

Inventory:

Hand Weapons
 a - a +2 morningstar of protection
 v - a +5 broad axe of flaming (weapon)
Armour
 t - the +2 hood of the Assassin (worn) {Detection Stab+ Stlth++}
   (You found it on level 6 of the Lair of Beasts)

   It makes you much more stealthy.
 u - a +5 tower shield of cold resistance (worn)
 E - a +0 cloak (worn)
 I - a +1 pair of gloves of strength (worn)
 J - a +1 pair of boots of flying (worn)
 P - the +2 plate armour of the Devil (worn) {rN+ Str+3 Int+4}
   (You took it off a minotaur in a Gauntlet)

   It affects your strength (+3).
   It affects your intelligence (+4).
   It protects you from negative energy.
Jewellery
 x - a +6 ring of dexterity
 G - an uncursed ring of see invisible
 H - an uncursed ring of poison resistance
 Q - the ring of Aggosaci (left hand) {+Blink rElec Str+8 Dex-2 Stlth+}
   (You acquired it on level 6 of the Lair of Beasts)

   [ring of stealth]

   It affects your strength (+8).
   It affects your dexterity (-2).
   It insulates you from electricity.
   It lets you blink.
   It makes you more stealthy.
 R - an amulet of guardian spirit (around neck)
 S - a ring of protection from fire (right hand)
Wands
 B - a wand of clouds (14)
 D - a wand of digging (7)
Scrolls
 e - 2 scrolls of immolation {unknown}
 h - 2 scrolls of identify
 i - 6 scrolls of fog
 n - 8 scrolls of teleportation
 p - 4 scrolls of remove curse
 y - 2 scrolls of blinking
 z - 2 scrolls of fear
 A - 4 scrolls of magic mapping
 K - 3 scrolls of holy word
 U - 3 scrolls of summoning
Potions
 b - a potion of resistance
 d - 2 potions of invisibility
 f - 2 potions of flight {unknown}
 l - 9 potions of mutation
 m - 3 potions of heal wounds
 o - a potion of lignification
 q - 5 potions of stabbing {unknown}
 r - 3 potions of cancellation
 s - 5 potions of degeneration {unknown}
 F - 3 potions of might
 M - a potion of ambrosia {unknown}
 X - 5 potions of curing
 Y - a potion of haste {unknown}
Miscellaneous
 V - a tin of tremorstones (3/3)
Comestibles
 c - 28 rations
 g - 8 chunks of flesh


   Skills:
 + Level 17.1 Fighting
 + Level 12.7(12.9) Axes
   Level 4.0(9.3) Polearms
 + Level 17.1 Armour
 * Level 8.4 Dodging
 - Level 2.5 Stealth
 - Level 21.6 Shields


You had 16 spell levels left.
You didn't know any spells.
Your spell library was empty.

Dungeon Overview and Level Annotations

Branches:
Dungeon (15/15)            Temple (0/1) D:4            Lair (6/6) D:10
 Shoals (0/4) Lair:4        Snake (0/4) Lair:2        Slime (0/5) Lair:6
    Orc (2/2) D:10            Elf (3/3) Orc:2        Vaults (0/5) D:13
 Depths (0/5) D:15          IceCv (visited)         Gauntlet (visited)

Altars:
Ashenzari
Cheibriados
Elyvilon
Fedhas
Hepliaklqana
Kikubaaqudgha
Makhleb
Okawaru
Qazlal
Ru
Uskayaw
Vehumet
Xom
The Shining One
Beogh

Shops:
D:4 (   D:8 !   D:10 *   Orc:1 =   Orc:2 (*[*


Innate Abilities, Weirdness & Mutations

You reflexively headbutt those who attack you in melee.
You have a pair of horns on your head.


Message History

You bump into the rock wall.
* * * LOW HITPOINT WARNING * * *
You feel extremely sick. The large abomination hits you.
* * * LOW HITPOINT WARNING * * *
The smoke demon gestures at you.
The sticky flame hits you but does no damage.
You are covered in liquid flames!
The shadow demon hits you but does no damage.
The chaos spawn gores you.
* * * LOW HITPOINT WARNING * * *
The chaos spawn shocks you. You resist.
* * * LOW HITPOINT WARNING * * *
The orange demon stings you but does no damage.
The orange demon closely misses you. The smoke demon gestures at you.
Something smites you!
* * * LOW HITPOINT WARNING * * *
The large abomination hits you!!
You die...

# #... ..
#.. {## ####
. #3##
..≈.$#..3#
...(#(#§#
#442######
#{#@#(#...#
#".3#X.G..##
##)##.≈##.#
## #..#. .#
#....#...
#...# ..##
###.. #..
... ...
.#.... #


You could see a glowing orange brain (summoned), a shadow demon, an orange demon
(summoned), a large abomination (summoned), 2 smoke demons and a chaos spawn
(summoned).

Vanquished Creatures
  Frances (Elf:1)
  A frost giant (IceCv)
  Roxanne (D:14)
  A stone giant (Orc:1)
  3 deep elf demonologists
  Nessos (Orc:2)
  4 dire elephants (Lair:6)
  A deep elf annihilator (Elf:1)
  A minotaur (Gauntlet)
  A green death (Abyss:2)
  2 ettins (Orc:2)
  A vault guard (D:13)
  A quicksilver dragon skeleton (Abyss:2)
  A rakshasa (Abyss:2)
  Erolcha (D:10)
  Harold (Lair:1)
  2 centaur warriors
  An anaconda (Lair:6)
  A hydra (Lair:6)
  A death knight (Abyss:2)
  3 death yaks (Lair:4)
  A catoblepas (D:13)
  12 two-headed ogres
  14 dancing weapons
  4 tengu warriors
  A vampire mage (D:15)
  13 deep elf knights
  A hell hog (Abyss:3)
  Urug (D:12)
  5 orc high priests
  A death drake (Abyss:3)
  6 skeletal warriors
  4 unseen horrors
  A glowing orange brain (Abyss:3)
  An orange crystal statue (Gauntlet)
  3 orc knights (Orc:2)
  7 deep elf archers
  A lindwurm (Lair:6)
  A necromancer (D:15)
  A wolf spider zombie (D:12)
  5 ugly things
  7 orc sorcerers
  47 deep elf magi
  4 cyclopes
  An oklob plant (Lair:5)
  A stone giant zombie (D:15)
  3 slime creatures (D:12)
  5 centaur zombies
  Maurice (D:9)
  10 elephants
  2 worldbinders (Abyss:2)
  7 black mambas
  2 gargoyles
  A torpor snail (Lair:6)
  An ice statue (IceCv)
  Psyche (D:11)
  3 smoke demons
  A rime drake (shapeshifter) (Gauntlet)
  Maggie (D:8)
  16 spiny frogs
  2 centaur skeletons
  5 komodo dragons
  2 freezing wraiths (Abyss:2)
  2 kobold demonologists
  An efreet (D:15)
  7 yaktaurs
  A tengu conjurer (D:15)
  A rime drake (Lair:5)
  4 trolls
  A jumping spider (shapeshifter) (Gauntlet)
  2 ancient zymes (Abyss:2)
  14 polar bears
  A troll (shapeshifter) (Gauntlet)
  Grinder (D:3)
  A hornet (D:12)
  6 hippogriffs
  A harpy skeleton (D:15)
  8 blink frogs (Lair:4)
  A deep troll zombie (D:15)
  A raiju (Abyss:2)
  Sigmund (D:2)
  2 air elementals
  A snapping turtle (Lair:4)
  2 large abominations (Abyss:2)
  2 shadows
  6 spriggans (Lair:4)
  A vampire (D:11)
  5 wyverns
  A redback (shapeshifter) (Elf:1)
  2 ynoxinuls
  3 hogs (D:12)
  2 fire elementals
  52 yaks
  2 water elementals
  A basilisk (D:14)
  4 fire bats (Abyss:2)
  A golden eye (Abyss:3)
  2 wraiths
  2 neqoxecs
  A human (D:12)
  A steam dragon (Lair:3)
  4 vampire mosquitoes (D:15)
  Menkaure (D:7)
  5 wargs
  A harpy simulacrum (Abyss:2)
  2 acid dragons
  11 water moccasins
  8 porcupines
  A soldier ant (D:15)
  31 orc warriors
  3 sky beasts
  4 black bears
  A phantom (D:9)
  3 ice beasts
  An eye of draining (D:14)
  A boggart (shapeshifter) (Elf:1)
  25 wolves
  9 centaurs
  16 ogres
  A wolf (shapeshifter) (Gauntlet)
  11 crocodiles
  3 big kobolds
  17 bullfrogs
  A gnoll sergeant (D:10)
  3 wyvern skeletons
  2 small abominations (Abyss:2)
  2 water moccasin skeletons
  4 scorpions
  20 killer bees
  7 wights
  3 howler monkeys
  An electric eel (Lair:4)
  6 crimson imps
  2 hounds
  4 quasits
  28 orc priests
  2 jellies
  16 orc wizards
  6 iguanas
  Jessica (D:3)
  3 bullfrog skeletons
  14 worker ants
  A hound skeleton (D:4)
  2 worker ant zombies
  Robin (D:3)
  A howler monkey skeleton (D:11)
  10 gnolls
  14 adders
  2 shadow imps
  12 white imps (D:11)
  An ufetubus (Abyss:2)
  3 oozes
  An adder zombie (D:5)
  An adder skeleton (D:5)
  2 worms
  6 leopard geckos
  104 orcs
  A ball python (D:3)
  8 bats
  6 giant cockroaches
  20 goblins
  6 hobgoblins
  10 jackals
  10 kobolds
  3 quokkas
  6 frilled lizards
  A jackal skeleton (D:5)
  2 leopard gecko skeletons
  A leopard gecko zombie (D:7)
  A quokka skeleton (D:4)
  6 rats
  5 plants (Lair:6)
914 creatures vanquished.

Vanquished Creatures (collateral kills)
  Jorgrun (D:14)
  An orc warlord (Orc:2)
  Snorg (D:14)
  An ogre mage (D:15)
  Josephine (Orc:2)
  7 dancing weapons
  2 deep elf knights (Elf:2)
  A deep elf archer (Elf:1)
  5 deep elf magi
  An orc sorcerer (Orc:2)
  A stone giant zombie (D:15)
  A black mamba (Lair:6)
  A komodo dragon (Lair:6)
  A tengu conjurer (D:13)
  2 slime creatures (Lair:6)
  A hippogriff (Lair:6)
  3 wraiths (Orc:2)
  A wyvern (D:8)
  6 yaks
  A tengu zombie (D:15)
  A warg (Orc:2)
  9 orc warriors (Orc:2)
  An ice beast (D:13)
  A wolf (IceCv)
  3 bullfrogs
  An earth elemental (Elf:1)
  2 jellies (Lair:6)
  3 orc priests (Orc:2)
  2 orc wizards (Orc:2)
  6 orcs (Orc:2)
68 creatures vanquished.

Vanquished Creatures (others)
  A large abomination (Abyss:2)
  A wolf (IceCv)
  A small abomination (Abyss:2)
  An orc (Orc:2)
  3 fungi (Lair:6)
  4 plants
  14 starspawn tentacles (Abyss:2)
  11 withered plants (D:15)
36 creatures vanquished.

Grand Total: 1018 creatures vanquished

Notes
Turn   | Place    | Note
-------+----------+-------------------------------------------
     0 | D:1      | Erymatos the Minotaur Berserker began the quest for the
                  | Orb.
     0 | D:1      | Reached XP level 1. HP: 19/19 MP: 0/0
   264 | D:1      | Reached XP level 2. HP: 27/27 MP: 1/1
   920 | D:2      | Reached XP level 3. HP: 21/33 MP: 2/2
  1465 | D:2      | Reached ** piety under Trog
  1556 | D:2      | Reached XP level 4. HP: 28/41 MP: 3/3
  1695 | D:2      | Noticed Sigmund
  1705 | D:2      | Killed Sigmund
  1705 | D:2      | Reached skill level 5 in Fighting
  1705 | D:2      | Reached skill level 5 in Axes
  1705 | D:2      | Reached XP level 5. HP: 48/48 MP: 4/4
  2035 | D:2      | Found an ancient bone altar of Kikubaaqudgha.
  2357 | D:3      | Noticed Grinder
  2369 | D:3      | Paralysed by Grinder for 3 turns
  2378 | D:3      | Killed Grinder
  2378 | D:3      | Reached skill level 1 in Stealth
  2378 | D:3      | Reached XP level 6. HP: 45/57 MP: 5/5
  2528 | D:3      | Found a stormy altar of Qazlal.
  2585 | D:3      | Noticed Jessica
  2593 | D:3      | Killed Jessica
  2840 | D:3      | Noticed Robin
  2850 | D:3      | Killed Robin
  2850 | D:3      | Reached XP level 7. HP: 59/62 MP: 6/6
  2857 | D:3      | Reached *** piety under Trog
  3368 | D:4      | Found Voam's Weapon Shoppe.
  3564 | D:4      | Found a sacrificial altar of Ru.
  4053 | D:4      | Reached XP level 8. HP: 64/71 MP: 7/7
  4144 | D:4      | Found a white marble altar of Elyvilon.
  4404 | D:4      | Found a staircase to the Ecumenical Temple.
  4545 | D:4      | Reached skill level 5 in Armour
  4680 | D:5      | Entered Level 5 of the Dungeon
  4754 | D:5      | Found a shattered altar of Ashenzari.
  4841 | D:5      | Reached **** piety under Trog
  5564 | D:6      | Found a snail-covered altar of Cheibriados.
  5573 | D:6      | Found a hide-covered altar of Uskayaw.
  5577 | D:6      | Found a blossoming altar of Fedhas.
  6322 | D:7      | Reached XP level 9. HP: 69/79 MP: 8/8
  6433 | D:7      | Noticed Menkaure
  6439 | D:7      | Killed Menkaure
  6439 | D:7      | Reached skill level 10 in Axes
  7014 | D:8      | Noticed Maggie
  7042 | D:8      | Killed Maggie
  7298 | D:8      | Found Tuog's Distillery.
  7307 | D:8      | Bought a potion of heal wounds for 65 gold pieces
  7307 | D:8      | Bought a potion of curing for 39 gold pieces
  7307 | D:8      | Bought a potion of cancellation for 104 gold pieces
  7426 | D:8      | Found an iron altar of Okawaru.
  7647 | D:8      | Noticed a two-headed ogre
  7661 | D:8      | Killed a two-headed ogre
  8007 | D:8      | Noticed a two-headed ogre
  8015 | D:8      | Killed a two-headed ogre
  8015 | D:8      | Reached XP level 10. HP: 91/91 MP: 9/9
  8318 | D:9      | Noticed Maurice
  8325 | D:9      | Killed Maurice
  8638 | D:9      | Found a burning altar of Makhleb.
  8639 | D:9      | Found a shimmering altar of Xom.
  8726 | D:9      | Found a hazy altar of Hepliaklqana.
  9047 | D:10     | Entered Level 10 of the Dungeon
  9050 | D:10     | Reached skill level 10 in Armour
  9151 | D:10     | Found a staircase to the Lair.
  9153 | D:10     | Reached skill level 10 in Fighting
  9190 | D:10     | Reached ***** piety under Trog
  9227 | D:10     | Found a staircase to the Orcish Mines.
  9293 | D:10     | Found Kism's General Store.
  9552 | D:10     | Received a gift from Trog
  9588 | D:10     | Bought a scroll of fog for 30 gold pieces
  9588 | D:10     | Bought a +1 pair of boots of flying for 247 gold pieces
  9710 | D:10     | Noticed Erolcha
  9717 | D:10     | Killed Erolcha
  9717 | D:10     | Reached XP level 11. HP: 101/101 MP: 10/10
  9749 | D:10     | Reached skill level 5 in Dodging
 10074 | D:10     | Bought a potion of mutation for 120 gold pieces
 10112 | D:11     | Found a frozen archway.
 10156 | IceCv    | Entered an ice cave
 10915 | IceCv    | Got a warped great mace
 10948 | IceCv    | Noticed a frost giant
 10960 | IceCv    | Killed a frost giant
 10960 | IceCv    | Reached skill level 1 in Shields
 11253 | IceCv    | Reached skill level 2 in Shields
 11261 | IceCv    | Reached skill level 3 in Shields
 11411 | IceCv    | Reached skill level 4 in Shields
 12048 | D:11     | Noticed a two-headed ogre
 12057 | D:11     | Killed a two-headed ogre
 12057 | D:11     | Reached skill level 5 in Shields
 12057 | D:11     | Reached XP level 12. HP: 104/112 MP: 11/11
 12612 | D:11     | Reached skill level 6 in Shields
 12977 | D:11     | Identified the +6 great mace "Naelag" {venom, rPois Dex+7}
                  | (You found it in an ice cave)
 13239 | D:12     | Noticed a two-headed ogre
 13244 | D:12     | Reached skill level 7 in Shields
 13244 | D:12     | Noticed Psyche
 13319 | D:11     | Killed a two-headed ogre
 13446 | D:12     | Noticed Urug
 13453 | D:11     | Killed Psyche
 13453 | D:11     | Reached skill level 8 in Shields
 13541 | D:12     | Killed Urug
 13637 | D:12     | Reached skill level 9 in Shields
 14256 | D:12     | Reached skill level 10 in Shields
 14456 | D:12     | Received a gift from Trog
 14559 | D:13     | Got an encrusted helmet
 14560 | D:13     | Identified the cursed +0 helmet of the Kettle-Drum {rF+}
                  | (You found it on level 13 of the Dungeon)
 14596 | D:13     | Noticed a tengu warrior
 14597 | D:13     | Noticed a tengu warrior
 14608 | D:13     | Killed a tengu warrior
 14613 | D:13     | Killed a tengu warrior
 14719 | D:13     | Noticed a tengu warrior
 14741 | D:13     | Killed a tengu warrior
 14741 | D:13     | Reached XP level 13. HP: 120/122 MP: 12/12
 14751 | D:13     | Got a fine trident
 14895 | D:13     | Reached skill level 11 in Shields
 14914 | D:13     | Identified the +3 trident of Corruption {elec, rPois} (You
                  | found it on level 13 of the Dungeon)
 15267 | D:13     | Found a snail-covered altar of Cheibriados.
 15287 | D:13     | Reached skill level 1 in Polearms
 15379 | D:13     | Reached skill level 15 in Armour
 15559 | D:13     | Found a gate to the Vaults.
 16139 | D:14     | Found a gate leading to a gauntlet.
 16175 | D:14     | Noticed Roxanne
 16207 | Gauntlet | Entered a Gauntlet
 16207 | Gauntlet | Found a transporter.
 16207 | Gauntlet | Found a transporter.
 16207 | Gauntlet | Found a transporter.
 16217 | Gauntlet | Found a transporter.
 16227 | Gauntlet | Found a transporter.
 16243 | Gauntlet | Found a transporter.
 16253 | Gauntlet | Found a transporter.
 16269 | Gauntlet | Found a transporter.
 16275 | Gauntlet | Found a transporter.
 16297 | Gauntlet | Found a transporter.
 16336 | Gauntlet | Found a transporter.
 16339 | Gauntlet | Found a transporter.
 16626 | Gauntlet | Reached skill level 12 in Shields
 16764 | Gauntlet | Identified the +2 plate armour of the Devil {rN+ Str+3
                  | Int+4}
 16764 | Gauntlet | Noticed a minotaur
 16779 | Gauntlet | Killed a minotaur
 17006 | D:14     | Noticed Jorgrun
 17038 | D:14     | Noticed Snorg
 17041 | D:14     | Killed Jorgrun
 17043 | D:14     | Killed Snorg
 17534 | D:14     | Found a white marble altar of Elyvilon.
 17559 | D:14     | Reached skill level 13 in Shields
 17768 | D:14     | Killed Roxanne
 17811 | D:15     | Entered Level 15 of the Dungeon
 17853 | D:15     | Noticed a deep elf demonologist
 17857 | D:15     | Noticed a balrug
 17868 | D:15     | Noticed a blizzard demon
 17908 | D:15     | Cast into level 2 of the Abyss (a deep elf demonologist)
 17998 | Abyss:2  | Reached XP level 14. HP: 132/132 MP: 13/13
 18012 | Abyss:2  | Noticed a starcursed mass
 18164 | Abyss:2  | Noticed a tentacled starspawn
 18168 | Abyss:2  | Noticed a cyan very ugly thing
 18199 | Abyss:2  | Noticed a tentacled starspawn
 18231 | Abyss:2  | HP: 2/132 [smoke demon/divine providence (10)]
 18246 | Abyss:2  | HP: 4/132 [spatial maelstrom (3)]
 18252 | Abyss:2  | Lost intelligence.
 18462 | Abyss:2  | Found a radiant altar of Vehumet.
 18486 | Abyss:2  | Reached skill level 14 in Shields
 18505 | D:15     | Escaped the Abyss
 18507 | D:15     | Noticed a Brimstone Fiend
 18988 | D:15     | Reached skill level 15 in Shields
 19120 | D:15     | Found a staircase to the Depths.
 19702 | D:15     | Reached skill level 16 in Shields
 20187 | Orc:1    | Entered Level 1 of the Orcish Mines
 20188 | Orc:1    | Found Ownos's Jewellery Shop.
 20349 | Orc:2    | Entered Level 2 of the Orcish Mines
 20973 | Orc:2    | Found a roughly hewn altar of Beogh.
 21053 | Orc:2    | Paralysed by an orc sorcerer for 3 turns
 21064 | Orc:2    | Reached XP level 15. HP: 108/139 MP: 14/14
 21238 | Orc:2    | Found Haveutus's Assorted Antiques.
 21252 | Orc:2    | Bought a scroll labeled GIUTHA EFOH for 34 gold pieces
 21252 | Orc:2    | Bought a scroll labeled QUTATO WECIO for 34 gold pieces
 21252 | Orc:2    | Bought a scroll labeled HYOSSU GUTIU for 34 gold pieces
 21252 | Orc:2    | Bought a scroll labeled ZOESICS LACRU for 34 gold pieces
 21389 | Orc:2    | Found Kepsoa's Antique Armour Shop.
 21451 | Orc:2    | Reached skill level 15 in Fighting
 21578 | Orc:2    | Received a gift from Trog
 21578 | Orc:2    | Reached skill level 17 in Shields
 21589 | Orc:2    | Found a staircase to the Elven Halls.
 21635 | Orc:2    | Noticed Nessos
 21658 | Orc:2    | Killed Nessos
 21668 | Orc:2    | Noticed an orc warlord
 21677 | Orc:2    | Killed an orc warlord
 22094 | Orc:2    | Noticed Josephine
 22107 | Orc:2    | Killed Josephine
 22205 | Orc:2    | Found Mozir's General Store.
 22352 | Orc:2    | Bought a scroll of magic mapping for 52 gold pieces
 22403 | Orc:2    | Found a roughly hewn altar of Beogh.
 22610 | Orc:2    | Found Pixer's Weapon Boutique.
 23046 | Orc:1    | You are sucked into a shaft and drop 1 floor!
 23048 | Orc:2    | Bought a potion of curing for 102 gold pieces
 23048 | Orc:2    | Bought a potion of heal wounds for 170 gold pieces
 23048 | Orc:2    | Bought an iron ring for 170 gold pieces
 23193 | Lair:1   | Entered Level 1 of the Lair of Beasts
 23747 | Lair:1   | Noticed Harold
 23762 | Lair:1   | Killed Harold
 24425 | Lair:2   | Found a staircase to the Snake Pit.
 24461 | Lair:2   | Received a gift from Trog
 24841 | Lair:2   | Reached skill level 18 in Shields
 26215 | Lair:4   | Received a gift from Trog
 26347 | Lair:4   | Reached skill level 19 in Shields
 26710 | Lair:4   | Found a staircase to the Shoals.
 27319 | Lair:5   | Found a glowing golden altar of the Shining One.
 27550 | Lair:5   | Found a blossoming altar of Fedhas.
 27854 | Lair:6   | Entered Level 6 of the Lair of Beasts
 27889 | Lair:6   | Reached XP level 16. HP: 135/151 MP: 13/15
 27942 | Lair:6   | Found a staircase to the Slime Pits.
 28146 | Lair:6   | Received a gift from Trog
 28699 | Lair:6   | Found the +2 hood of the Assassin {Detection Stab+ Stlth++}
 28699 | Lair:6   | Found the +7 Kryia's mail coat {PotionHeal*2 rC+}
 29058 | Lair:6   | Identified a scroll of acquirement
 29058 | Lair:6   | Acquired the ring of Aggosaci {+Blink rElec Str+8 Dex-2
                  | Stlth+}
 29191 | Lair:6   | Got an iridescent hand axe
 29192 | Lair:6   | Identified the +1 hand axe of the Thirteen Knives {pain,
                  | +Inv} (You found it on level 6 of the Lair of Beasts)
 29689 | Elf:1    | Entered Level 1 of the Elven Halls
 29710 | Elf:1    | Found a radiant altar of Vehumet.
 29743 | Elf:1    | Reached skill level 20 in Shields
 30493 | Elf:1    | Noticed a Brimstone Fiend
 30495 | Elf:1    | Noticed Frances
 30497 | Elf:1    | Cast into level 2 of the Abyss (a deep elf demonologist)
 30586 | Elf:1    | Escaped the Abyss
 30587 | Elf:1    | Noticed a Brimstone Fiend
 30619 | Elf:1    | Killed Frances
 30905 | Elf:1    | Found a shimmering altar of Xom.
 31912 | Elf:2    | Reached skill level 21 in Shields
 31955 | Elf:2    | Found a huge runed translucent gate.
 31955 | Elf:2    | Found a huge runed translucent gate.
 31955 | Elf:2    | Found a huge runed translucent gate.
 31955 | Elf:2    | Found a huge runed translucent gate.
 31956 | Elf:2    | Found a huge runed translucent gate.
 33109 | Elf:2    | Reached XP level 17. HP: 66/160 MP: 7/16
 33498 | Elf:2    | HP: 6/160 [something (7)]
 33951 | Elf:3    | Entered Level 3 of the Elven Halls
 34731 | Elf:3    | Cast into level 3 of the Abyss (a deep elf sorcerer)
 34768 | Abyss:3  | Slain by a large abomination

Illustrated notes

Levels and vault maps discovered:
D:1:      wander_arrival_estate, layout_basic, minmay_hedge_maze
D:2:      layout_basic, lemuel_tele_altar, uniq_sigmund
D:3:      layout_loops_corners, nicolae_overflow_crystal_walls, uniq_jessica,
          uniq_robin, uniq_grinder
D:4:      layout_basic, nicolae_ru_great_annihilating_truth,
          lemuel_crystal_altar, minmay_temple_entry_offerings, first_ration,
          serial_shops, nicolae_shop_stone, hangedman_minor_gate_pass
D:5:      layout_basic, cheibrodos_ashenzari_chains, old_standard_altar,
          hangedman_decor_diamond_cutter
D:6:      layout_loops_ring, minmay_overflow_temple_star_quad
D:7:      layout_loops_ring, uniq_menkaure
D:8:      layout_basic, okawaru_metal_pillars_3, serial_shops,
          nicolae_shop_statue_plus, uniq_maggie
D:9:      layout_rooms, grunt_temple_overflow_champion_of_chaos,
          overflow_temple_1_default, minivault_19, uniq_maurice
D:10:     layout_rooms, lair_entry_dummy, hiddenorc2_lemuel, serial_shops,
          nicolae_shop_behind_doors, uniq_erolcha
D:11:     layout_roguey, portal_ice_cave_entry_imps
D:12:     layout_cave_pools, enter_bailey_3, grunt_livestock, uniq_psyche,
          uniq_urug
D:13:     layout_small_grid, david_vaults_5, basic_altar
D:14:     layout_big_octagon, gauntlet_entry_generic, elyvilon_altar_4,
          uniq_jorgrun, uniq_roxanne, uniq_snorg
D:15:     gammafunk_depths_entry_grave, layout_layer_cave
Lair:1:   layout_chaotic_city, chequers_serial_rivers_marsh, uniq_harold
Lair:2:   layout_misc_corridors, dummy_snake_entry, grunt_megastairs_1
Lair:3:   layout_cellular_growth, serial_bayou_pond_e, grunt_megastairs_4
Lair:4:   layout_loops_ring, minmay_shoals_entry_hut, wad_woods_01
Lair:5:   layout_gridlike, basic_altar, minmay_holes, lemuel_oklob_altar
Lair:6:   due_jungle_book, layout_long_grid, minmay_slime_entry_pillars,
          ldierk_geyser, infiniplex_staircase_pool_2, lemuel_fruit_tree
Orc:1:    layout_diamond_mine, serial_shops, shop_statue
Orc:2:    pubby_orc_utopia, uniq_josephine, uniq_nessos
Elf:1:    eino_elf_arrival_altar, layout_gridlike, basic_altar,
          minmay_elf_demonology, st_stairs_9, uniq_agnes, uniq_frances
Elf:2:    layout_loops_cross
Elf:3:    elf_hall_gauntlet_narrow, layout_loops_cross
Abyss:3:  base: D:6, evilmike_abyss_exit_plants, hangedman_classic_abyss_death,
          hangedman_abyss_rune_macabre_mess

Skill      XL: |  1  2  3  4  5  6  7  8  9 10 11 12 13 14 15 16 17 |
---------------+----------------------------------------------------+-----
Axes           | 4 5 6 7 8 9 11 12 | 12.7
Fighting       | 4 5 6 7 9 10 11 13 14 15 16 17 | 17.1
Dodging        | 3 4 5 6 7 8 |  8.4
Stealth        | 1 2 |  2.5
Armour         | 4 7 9 11 14 15 16 17 | 17.1
Shields        | 5 10 13 16 19 21 | 21.6
Polearms       | 4 |  4.0

Action                   |  1- 3 |  4- 6 |  7- 9 | 10-12 | 13-15 | 16-18 || total
-------------------------+-------+-------+-------+-------+-------+-------++-------
Melee: Hand axe          |    77 |    81 |   198 |       |       |       ||   356
       Headbutt          |     7 |    11 |    53 |   198 |   464 |   200 ||   933
       Broad axe         |       |       |    88 |       |       |    79 ||   167
       Morningstar       |       |       |    41 |   615 |  1150 |   656 ||  2462
       Trident           |       |       |       |       |   103 |       ||   103
Invok: Berserk           |     1 |     1 |     6 |    13 |    17 |    12 ||    50
       Brothers in Arms  |       |       |     2 |     5 |    11 |    10 ||    28
       Trog's Hand       |       |       |     1 |     3 |    15 |     5 ||    24
 Abil: Evoke Blink       |       |       |       |       |       |    10 ||    10
  Use: Scroll            |       |       |     7 |     5 |     6 |    21 ||    39
       Potion            |       |       |       |     1 |     6 |     2 ||     9
 Stab: Invisible         |       |       |     1 |       |       |       ||     1
       Paralysed         |       |       |     1 |       |       |       ||     1
       Confused          |       |       |       |       |     1 |       ||     1
  Eat: Chunk             |     3 |     5 |    19 |    31 |    47 |    20 ||   125
       Ration            |       |       |     1 |     2 |     7 |     6 ||    16
Armor: Animal skin       |    14 |       |       |       |       |       ||    14
       Plate armour      |       |    33 |   179 |   690 |   518 |   312 ||  1732
Dodge: Dodged            |    54 |    26 |   131 |   351 |   447 |   177 ||  1186
Block: Tower shield      |       |       |       |   478 |  1966 |   918 ||  3362
